 Dungeon Crawl Stone Soup version 0.27.1 (webtiles) character file.

Game seed: 11651772874941608844

865 shadowrider38 the Chopper (level 8, 0/58 HPs)
             Began as an Octopode Berserker on Aug 21, 2021.
             Was a Believer of Trog.
             Succumbed to a water moccasin's poison
             ... on level 4 of the Dungeon.
             The game lasted 00:08:24 (3994 turns).

shadowrider38 the Chopper (Octopode Berserker)      Turns: 3994, Time: 00:08:24

Health: 0/58       AC:  1    Str: 18    XL:     8   Next: 3%
Magic:  8/8        EV: 14    Int:  9    God:    Trog [**....]
Gold:   99         SH:  0    Dex: 18    Spells: 7/7 levels left

rFire    . . .     SeeInvis .   a - +0 hand axe
rCold    . . .     Faith    +   (no shield)
rNeg     . . .     Spirit   .   n - +0 hat
rPois    .         Reflect  .   k - amulet of faith
rElec    .         Harm     .   h - ring of resist corrosion
rCorr    +         Rampage  .   m - +6 ring of dexterity
Will     .....                  (no ring)
Stlth    +++.......             (no ring)
HPRegen  0.19/turn              (no ring)
MPRegen  0.11/turn              (no ring)
                                (no ring)
                                (no ring)

@: lethally poisoned (0 -> -3), on berserk cooldown, slowed, very slow
A: almost no armour, amphibious, 8 rings, camouflage 1, gelatinous body 1,
(nimble swimmer 1), tentacles
a: Renounce Religion, Berserk, Trog's Hand


You were on level 4 of the Dungeon.
You worshipped Trog.
Trog was pleased with you.
You visited 1 branch of the dungeon, and saw 4 of its levels.

You collected 99 gold pieces.

Inventory:

Hand Weapons
 a - a +0 hand axe (weapon)
Missiles
 o - 4 boomerangs (quivered)
 p - 17 stones
 q - 13 poisoned darts
Armour
 n - a +0 hat (worn)
Jewellery
 h - a ring of resist corrosion (left tentacle)
 k - an amulet of faith (around mantle)
 m - a +6 ring of dexterity (right tentacle)
 s - a ring of willpower
Scrolls
 c - 3 scrolls of identify {unknown}
 d - 2 scrolls of teleportation {unknown}
 i - 2 scrolls of silence {unknown}
 j - a scroll of immolation {unknown}
 l - a scroll of enchant weapon {unknown}
 r - a scroll of vulnerability {unknown}
Potions
 b - a potion of mutation {unknown}
 e - a potion of curing {unknown}
 f - 2 potions of brilliance {unknown}
 g - a potion of haste {unknown}
 t - a potion of resistance {unknown}


   Skills:
 + Level 6.8 Fighting
 + Level 6.8 Axes
 - Level 3.1 Dodging
 - Level 0.4 Stealth


You had 7 spell levels left.
You didn't know any spells.
Your spell library was empty.

Dungeon Overview and Level Annotations

Branches:
Dungeon (4/15)
 Temple: D:4-7

Altars:

Shops:
D:3 (


Innate Abilities, Weirdness & Mutations

You cannot wear most types of armour.
You are amphibious.
You can wear up to eight rings at the same time.
Your skin changes colour to match your surroundings (Stealth+).
Your rubbery body absorbs attacks. (AC +1, EV +1)
((You are camouflaged near water. (Stealth+)))
You have tentacles for arms and can constrict up to eight enemies at once.


Message History

The water moccasin is moderately wounded.
You hit the orc. You constrict the water moccasin.
You feel sick. The water moccasin bites you.
* * * LOW HITPOINT WARNING * * *
The orc hits you with a +0 mace.
* * * LOW HITPOINT WARNING * * *
You slash the water moccasin!
The water moccasin is severely wounded.
You hit the orc but do no damage. You constrict the water moccasin.
* * * LOW HITPOINT WARNING * * *
You feel sick. The water moccasin closely misses you.
You slash the water moccasin!
You kill the water moccasin!
Trog accepts your kill.
You hit the orc.
You kill the orc!
Trog accepts your kill.
You feel sick.
You slash the orc priest! You grab the orc priest. You squeeze the orc priest.
You kill the orc priest!
Trog accepts your kill.
You feel sick.
You have reached level 8!
You feel sick.
You feel a strong urge to attack something.
You feel sick. The orc hits you with a +0 whip.
* * * LOW HITPOINT WARNING * * *
Items here: )) [ †.
You slash the orc!
You kill the orc!
Trog accepts your kill.
There is a lethal amount of poison in your body!
You are too berserk!
* * * LOW HITPOINT WARNING * * *
You feel sick.
You feel a strong urge to attack something.
You are no longer berserk.
You are exhausted.
You feel yourself slow down.
You die...

......#
#..............
#..........#...
#...........#..
#...........##.###
### ............#...#
#.. #.#....8...##..#
#..
#..).......##..####..
#.†#@....:# #........
#...##...####....#.##
###..#######.....#.#
##...####......#..
###......#....#.#.
########....#..#
######.# #..


There were no monsters in sight!

Vanquished Creatures
  Grinder (D:3)
  A hornet (D:4)
  A water moccasin (D:4)
  2 scorpions (D:4)
  A jelly (D:4)
  A centaur zombie (D:4)
  2 orc priests
  4 adders
  2 worms (D:2)
  4 dart slugs
  10 orcs
  7 ball pythons
  3 bats
  7 endoplasms
  A giant cockroach (D:1)
  5 goblins
  2 hobgoblins
  3 jackals (D:1)
  A quokka (D:1)
  4 frilled lizards
  7 kobolds
  3 rats
72 creatures vanquished.

Vanquished Creatures (others)
  7 plants (D:1)
  11 withered plants (D:1)
18 creatures vanquished.

Grand Total: 90 creatures vanquished

Notes
Turn   | Place    | Note
-------+----------+-------------------------------------------
     0 | D:1      | shadowrider38 the Octopode Berserker began the quest for
                  | the Orb.
     0 | D:1      | Reached XP level 1. HP: 16/16 MP: 1/1
   203 | D:1      | Reached XP level 2. HP: 14/21 MP: 2/2
   301 | D:1      | Found a faded altar of an unknown god.
   904 | D:1      | Reached XP level 3. HP: 26/26 MP: 3/3
  1353 | D:2      | Reached ** piety under Trog
  1562 | D:2      | Reached XP level 4. HP: 33/33 MP: 4/4
  2229 | D:3      | Found Bamuvue's Weapon Boutique.
  2341 | D:3      | Noticed Grinder
  2346 | D:3      | Killed Grinder
  2347 | D:3      | Reached skill level 5 in Fighting
  2347 | D:3      | Reached skill level 5 in Axes
  2347 | D:3      | Reached XP level 5. HP: 39/39 MP: 5/5
  2347 | D:3      | Reached XP level 6. HP: 45/45 MP: 6/6
  3658 | D:4      | Reached XP level 7. HP: 42/51 MP: 7/7
  3980 | D:4      | Noticed a hornet
  3983 | D:4      | Paralysed by a hornet for 1 turns
  3985 | D:4      | Killed a hornet
  3990 | D:4      | Reached XP level 8. HP: 7/58 MP: 8/8
  3991 | D:4      | HP: 2/87 [orc (4)]
  3994 | D:4      | Succumbed to a water moccasin's poison

Illustrated notes

Levels and vault maps discovered:
D:1:      nicolae_arrival_washed_ashore, layout_loops_cross,
          shapermc_ecumenical_altar_flowoftime, serial_glass, glass_columns_c,
          glass_columns_b, glass_columns_a, glass_columns_a, chequers_avenue,
          minmay_hexomino_f4
D:2:      layout_basic, kennysheep_potato
D:3:      layout_loops_corners, serial_shops, shop, uniq_grinder
D:4:      layout_basic, serial_corexii_hall, corexii_hall_statues_i,
          chequers_hall_statues_wall_a, minmay_misc_feat_rugged,
          grunt_decor_fettered, minmay_manual_moon, uniq_blork_the_orc

Skill      XL: |  1  2  3  4  5  6  7 |
---------------+----------------------+-----
Fighting       | 5 6 |  6.8
Axes           | 5 6 |  6.8
Dodging        | |  3.1
Stealth        | |  0.4

Action                   |  1- 3 |  4- 6 |  7- 9 || total
-------------------------+-------+-------+-------++-------
Melee: Hand axe          |    77 |    59 |    15 ||   151
       Constrict         |    21 |    15 |     3 ||    39
       Tentacles         |    24 |    17 |     4 ||    45
Throw: Boomerang         |       |     7 |     1 ||     8
Invok: Berserk           |     2 |     3 |     2 ||     7
 Stab: Sleeping          |     7 |     4 |     3 ||    14
Armor: Skin              |     8 |     1 |       ||     9
Dodge: Dodged            |    33 |    34 |     6 ||    73
